 Dungeon Crawl Stone Soup version 0.23-a0-143-g1adec7b (webtiles) character file.

415 taqueso the Cutter (level 6, 0/39 HPs)
             Began as an Octopode Hunter on Sept 1, 2018.
             Slain by an orc
             ... wielding a cursed -1 flail
              (5 damage)
             ... on level 4 of the Dungeon.
             The game lasted 00:09:44 (4631 turns).

taqueso the Cutter (Octopode Hunter)                Turns: 4631, Time: 00:09:45

Health: 0/39       AC:  1    Str: 16    XL:     6   Next: 91%
Magic:  6/6        EV: 13    Int: 13    God:
Gold:   178        SH:  0    Dex: 15    Spells: 5/5 levels left

rFire    . . .     SeeInvis .   a - +1 short sword
rCold    . . .     Gourm    .   (no shield)
rNeg     . . .     Faith    .   (helmet restricted)
rPois    .         Spirit   .   (no amulet)
rElec    .         Reflect  .   (no ring)
rCorr    .         Harm     .   (no ring)
MR       .....                  (no ring)
Stlth    +++.......             (no ring)
HPRegen  0.13/turn              (no ring)
MPRegen  0.10/turn              (no ring)
                                (no ring)
                                (no ring)

@: mighty
A: almost no armour, stealthy swim, amphibious, 8 rings, constrict 8, camouflage
1, gelatinous body 1
a: no special abilities


You were on level 4 of the Dungeon.
You were not hungry.

You visited 1 branch of the dungeon, and saw 4 of its levels.

You collected 178 gold pieces.

Inventory:

Hand Weapons
 a - a +1 short sword (weapon)
Missiles
 b - a javelin
 c - 2 throwing nets {=f!f}
 l - 46 stones (quivered)
Wands
 w - a wand of flame (43)
Scrolls
 e - a scroll of immolation
 g - a scroll of amnesia
 x - 3 scrolls of remove curse {unknown}
 y - a scroll of blinking {unknown}
Potions
 m - 3 potions of curing {unknown}
 p - a potion of lignification {unknown}
 r - a potion of heal wounds {unknown}
 s - 2 potions of invisibility {unknown}
 u - 2 potions of degeneration {unknown}
 v - a potion of might
Comestibles
 d - 6 rations


   Skills:
 + Level 2.0 Fighting
 * Level 6.7 Short Blades
 - Level 4.0 Throwing
 + Level 2.0 Dodging
 - Level 1.3 Stealth


You had 5 spell levels left.
You didn't know any spells.
Your spell library was empty.

Dungeon Overview and Level Annotations

Branches:
Dungeon (4/15)
 Temple: D:4-7

Altars:
Fedhas

Annotations:
D:4 1 transporter, hollowman's ghost, amateur DDFi


Innate Abilities, Weirdness & Mutations

You cannot wear most types of armour.
You are very stealthy in the water. (Stealth+)
You are amphibious.
You can wear up to eight rings at the same time.
You can use your tentacles to constrict eight enemies at once.
Your skin changes colour to match your surroundings (Stealth+).
Your rubbery body absorbs attacks. (AC +1, EV +1)


Message History

You hit the orc. You squeeze the orc.
You kill the orc!
The orc hits you with a club.
* * * LOW HITPOINT WARNING * * *
Items here: )) [[ † a dagger of pain; a ring mail; a mace; a leather armour; an orc corpse You hit the orc.
You grab the orc.
The orc is heavily wounded.
You constrict the orc. The orc hits you with a club.
* * * LOW HITPOINT WARNING * * *
The orc drinks a potion.
The orc seems to grow stronger.
You puncture the orc!
You kill the orc!
The orc misses you.
Items here: ( ) [ † a club; 3 tomahawks; a ring mail; an orc corpse You hit the orc.
Your grab misses the orc.
The orc is lightly wounded.
The orc hits you with an enchanted flail.
You die...

.###
#...........#)>......#.....
.#
##########..#........#..#..
.# #...>....####..#.. .#
#.........#....... .##
#.##.####......... ..#
#.##.# ###.#..#.# #.#
#)##.# #......# #.# #)##.#
###.#..### #.# #@##.#
#......### #.#
####o##.####......... #.#
#..oo.............##. #.#
#.#########......###. #.#
#o.......###......... #.#
#o.≈...≈..##.#.##.### ###
.(.........#.#.##.# #
.(.......o⌠#......# #
#..(........#...##.#


You could see 2 orc priests and an orc.

Vanquished Creatures
  An ogre (D:4)
  A scorpion (D:4)
  2 electric eels (D:3)
  A worker ant (D:4)
  7 adders
  A gnoll (D:1)
  An ooze (D:4)
  An adder skeleton (D:4)
  4 worms
  2 dart slugs
  A leopard gecko (D:1)
  7 orcs (D:4)
  5 giant cockroaches
  7 goblins
  11 hobgoblins
  11 jackals (D:1)
  4 bats
  2 frilled lizards
  10 kobolds
  7 rats
86 creatures vanquished.

Notes
Turn   | Place    | Note
-------+----------+-------------------------------------------
     0 | D:1      | taqueso the Octopode Hunter began the quest for the Orb.
     0 | D:1      | Reached XP level 1. HP: 14/14 MP: 1/1
   191 | D:1      | Reached skill level 1 in Short Blades
   340 | D:1      | Reached XP level 2. HP: 11/19 MP: 2/2
   486 | D:1      | Reached skill level 2 in Short Blades
   660 | D:1      | Reached XP level 3. HP: 24/24 MP: 3/3
  1036 | D:1      | Reached skill level 3 in Short Blades
  1334 | D:2      | Reached XP level 4. HP: 29/29 MP: 4/4
  1529 | D:2      | Reached skill level 4 in Short Blades
  2370 | D:2      | Reached XP level 5. HP: 31/34 MP: 5/5
  2742 | D:3      | Found a transporter.
  2765 | D:3      | Found a transporter.
  3654 | D:4      | Found a blossoming altar of Fedhas.
  3659 | D:4      | Reached skill level 5 in Short Blades
  3733 | D:3      | Reached XP level 6. HP: 14/39 MP: 6/6
  3934 | D:4      | Reached skill level 6 in Short Blades
  4434 | D:4      | Found a transporter.
  4435 | D:4      | Noticed hollowman's ghost (amateur DDFi)
  4631 | D:4      | Slain by an orc

Vault maps used:
D:1:      giann_bridges
D:3:      gammafunk_steamed_eel, grunt_decor_fettered
D:4:      cheibrodos_pilgrimage, fedhas_altar_1, gammafunk_ghost_smash,
          first_ration

Skill      XL: |  1  2  3  4  5  6 |
---------------+-------------------+-----
Short Blades   | 1 2 3 4 5 6 |  6.7
Fighting       | |  2.0
Throwing       | |  4.0
Dodging        | |  2.0
Stealth        | |  1.3

Action                   |  1- 3 |  4- 6 || total
-------------------------+-------+-------++-------
Melee: Short sword       |    49 |    99 ||   148
       Constrict         |    16 |    25 ||    41
       Tentacles         |     6 |    20 ||    26
Throw: Javelin           |    34 |     4 ||    38
       Stone             |    18 |   154 ||   172
Evoke: Wand              |       |     3 ||     3
  Use: Scroll            |       |     5 ||     5
       Potion            |       |     1 ||     1
 Stab: Sleeping          |       |     1 ||     1
  Eat: Chunk             |     1 |    10 ||    11
Armor: Skin              |     2 |     4 ||     6
Dodge: Dodged            |    22 |    28 ||    50

Table legend:
 A = Non-vault XP
 B = Vault XP
 C = Vault XP percentage of total XP
 D = Non-vault monster count
 E = Vault monster count
 F = Vault count percentage of total count
                 A         B        C        D         E       F
            +---------+---------+-------+---------+---------+-------
      Total |     471 |     122 |  20.6 |      80 |       6 |   7.0
            +---------+---------+-------+---------+---------+-------
        D:1 |      69 |       0 |   0.0 |      30 |       0 |   0.0
        D:2 |     105 |       0 |   0.0 |      26 |       0 |   0.0
        D:3 |      55 |     110 |  66.7 |      14 |       2 |  12.5
        D:4 |     242 |      12 |   4.7 |      10 |       4 |  28.6
            +---------+---------+-------+---------+---------+-------
